 Dungeon Crawl Stone Soup version 0.21-a0-521-g1cd18d1 (webtiles) character file.

2259 KristoblXynda the Covert (level 9, -2/39 HPs)
             Began as a Spriggan Enchanter on Dec 5, 2017.
             Was a Follower of Ashenzari.
             Shot with an arrow by a centaur (13 damage)
             ... on level 8 of the Dungeon.
             The game lasted 00:20:43 (8098 turns).

KristoblXynda the Covert (Spriggan Enchanter)       Turns: 8098, Time: 00:20:44

Health: -2/39      AC:  4    Str:  6    XL:     9   Next: 15%
Magic:  11/22      EV: 24    Int: 17    God:    Ashenzari [*.....]
Gold:   240        SH:  0    Dex: 19    Spells: 16/25 levels left

rFire    . . .     SeeInvis +   a - +1 dagger
rCold    . . .     Gourm    .   (shield restricted)
rNeg     + . .     Faith    .   p - +2 robe {MR+} (curse)
rPois    .         Spirit   .   (helmet restricted)
rElec    .         Reflect  .   (no cloak)
rCorr    .         Harm     .   (gloves unavailable)
MR       ++...                  (boots unavailable)
Stlth    +++++.....             (no amulet)
HPRegen  0.13/turn              s - +6 ring of evasion (curse)
MPRegen  0.18/turn              j - ring of positive energy

@: very quick
A: very small, unfitting armour, horns 1, see invisible, agile 1, herbivore 3,
speed 3, slow metabolism 2
a: Curse Item, Scrying, Renounce Religion


You were on level 8 of the Dungeon.
You worshipped Ashenzari.
Ashenzari was aware of your devotion.
You were not hungry.

You visited 2 branches of the dungeon, and saw 9 of its levels.
You also visited: Sewer.

You collected 240 gold pieces.

Inventory:

Hand Weapons
 a - a +1 dagger (weapon)
Armour
 p - a cursed +2 robe of magic resistance (worn)
Jewellery
 h - a +1 ring of evasion
 j - a ring of positive energy (right hand)
 s - a cursed +6 ring of evasion (left hand)
Wands
 r - a wand of scattershot (3)
Scrolls
 e - 2 scrolls of blinking
 f - a scroll of remove curse
 u - a scroll of vulnerability {unknown}
Potions
 b - 5 potions of flight
 g - a potion of might
 i - a potion of haste {unknown}
 k - 4 potions of agility {unknown}
 m - 2 potions of mutation
 n - a potion of lignification
 o - 2 potions of curing
 q - a potion of resistance {unknown}
Books
 c - a book of Maledictions

   Spells                             Type                      Level
   a - Corona                         Hexes                        1
   b - Ensorcelled Hibernation        Hexes/Ice                    2
   c - Confuse                        Hexes                        3
   d - Tukima's Dance                 Hexes                        3
   e - Dazzling Spray                 Conjuration/Hexes            3
 l - a Young Poisoner's Handbook

   Spells                             Type                      Level
   a - Sting                          Conjuration/Poison           1
   b - Poisonous Vapours              Poison/Air                   2
   c - Mephitic Cloud                 Conjuration/Poison/Air       3
   d - Olgreb's Toxic Radiance        Poison                       4
   e - Venom Bolt                     Conjuration/Poison           5
Comestibles
 d - 4 bread rations
 t - 2 royal jellies


   Skills:
 + Level 4.3 Short Blades
 - Level 3.0 Dodging
 - Level 10.0 Stealth
 + Level 8.9 Spellcasting
 + Level 9.2 Hexes


You had 16 spell levels left.
You knew the following spells:

 Your Spells              Type           Power        Failure   Level  Hunger
a - Corona                Hex            #####..      1%          1    None
b - Ensorcelled Hibernat  Hex/Ice        ###...       2%          2    None
c - Confuse               Hex            #####...     1%          3    None
d - Mephitic Cloud        Conj/Pois/Air  #.......     28%         3    None


Dungeon Overview and Level Annotations

Branches:
Dungeon (8/15)             Temple (1/1) D:4
   Lair: D:8-11

Altars:
Ashenzari
Cheibriados
Dithmenos
Elyvilon
Fedhas
Gozag
Hepliaklqana
Kikubaaqudgha
Makhleb
Nemelex Xobeh
Okawaru
Qazlal
Ru
Sif Muna
Trog
Uskayaw
Vehumet
Wu Jian
Xom
Yredelemnul
Zin
The Shining One


Innate Abilities, Weirdness & Mutations

You are very small and have problems with some larger weapons.
You are too small for most types of armour.
You have supernaturally acute eyesight. (SInv)
You are a herbivore.
You cover ground extremely quickly.
You need consume almost no food.
You have a pair of small horns on your head.
You are agile. (Dex +2)


Message History

Casting: Ensorcelled Hibernation
Confirm with . or Enter, or press ? or * to list all spells.
Aiming: Ensorcelled Hibernation
Press: ? - help, Shift-Dir - straight line, f/p - centaur
Aim: a centaur, wielding a shortbow (chance to defeat MR: 52%)
The centaur resists with some effort.
You feel sick.
The centaur shoots an arrow.
The arrow completely misses you.
The centaur shoots an arrow.
The arrow completely misses you.
The centaur shoots an arrow.
The arrow misses you.
Casting: Ensorcelled Hibernation
Confirm with . or Enter, or press ? or * to list all spells.
Aiming: Ensorcelled Hibernation
Press: ? - help, Shift-Dir - straight line, f/p - centaur
Aim: a centaur, wielding a shortbow (chance to defeat MR: 52%)
The centaur resists with some effort.
The centaur shoots an arrow.
The arrow hits you.
* * * LOW HITPOINT WARNING * * *
The centaur shoots an arrow.
The arrow completely misses you.
You feel better.
The centaur shoots an arrow.
The arrow hits you!
You die...

≈≈≈#....#.#
.≈≈≈≈≈.......##
..≈≈≈≈≈>.......#
≈c≈≈≈≈≈....<..###
≈≈≈≈≈≈≈.......#.##
≈≈≈≈≈c≈..........#
≈≈≈≈≈≈#.$......##
≈≈≈≈≈≈....†....#
##.#@..)(.$.#
#.....).)#.#
#......(##..#
#.....(## #.#
#..(((## # #.....#
#.....# #######


You could see 2 centaurs.

Vanquished Creatures
  The ghost of CalmDownMonkey the Spear-Bearer, a novice MfGl (D:4)
  2 hungry ghosts (D:7)
  An ice beast (D:6)
  An ogre (D:6)
  A phantom (D:6)
  A centaur (D:6)
  A big kobold (Sewer)
  Blork the orc (D:5)
  4 bullfrogs (D:7)
  A scorpion (D:7)
  A wight (D:8)
  A crimson imp (D:7)
  A howler monkey (D:6)
  3 orc priests
  2 bullfrog skeletons
  A hound (D:7)
  3 jellies
  4 orc wizards
  Jessica (D:2)
  Natasha (thrice) (D:2)
  4 worker ants
  A howler monkey zombie (D:7)
  3 gnolls (D:5)
  9 adders
  2 river rats (D:4)
  An ooze (D:1)
  An adder skeleton (D:6)
  A worm (D:3)
  9 leopard geckos
  25 orcs
  3 ball pythons
  6 bats
  9 giant cockroaches
  4 goblins
  2 hobgoblins
  2 jackals (Sewer)
  3 quokkas
  3 frilled lizards
  10 kobolds
  A leopard gecko skeleton (D:5)
  7 rats
140 creatures vanquished.

Vanquished Creatures (others)
  A plant (D:4)
1 creature vanquished.

Grand Total: 141 creatures vanquished

Notes
Turn   | Place    | Note
-------+----------+-------------------------------------------
     0 | D:1      | KristoblXynda the Spriggan Enchanter began the quest for the Orb.
     0 | D:1      | Reached XP level 1. HP: 9/9 MP: 5/5
   140 | D:1      | Reached XP level 2. HP: 8/13 MP: 7/7
   444 | D:1      | Learned a level 2 spell: Ensorcelled Hibernation
   467 | D:1      | Reached skill level 5 in Stealth
   896 | D:2      | Reached XP level 3. HP: 14/16 MP: 1/8
   933 | D:2      | Noticed Natasha
   948 | D:2      | Killed Natasha
  1211 | D:2      | Noticed Natasha
  1213 | D:2      | Noticed Jessica
  1220 | D:2      | Killed Jessica
  1220 | D:2      | Reached XP level 4. HP: 12/21 MP: 10/10
  1267 | D:2      | Killed Natasha
  1267 | D:2      | Reached skill level 6 in Stealth
  1272 | D:2      | Learned a level 3 spell: Confuse
  1342 | D:2      | Noticed Natasha
  1348 | D:2      | Killed Natasha
  1348 | D:2      | Reached XP level 5. HP: 19/24 MP: 1/12
  1360 | D:2      | Reached skill level 5 in Hexes
  2523 | D:4      | Found a radiant altar of Vehumet.
  2603 | D:4      | Found a glowing drain.
  2607 | Sewer    | Entered a sewer
  2935 | Sewer    | Reached skill level 7 in Stealth
  2935 | Sewer    | Reached skill level 5 in Spellcasting
  2935 | Sewer    | Reached XP level 6. HP: 28/28 MP: 4/14
  3105 | Sewer    | Found a white marble altar of Elyvilon.
  3229 | D:4      | Noticed CalmDownMonkey's ghost (novice MfGl)
  3295 | D:4      | Found a staircase to the Ecumenical Temple.
  3302 | Temple   | Entered the Ecumenical Temple
  3364 | Temple   | Became a worshipper of Ashenzari the Shackled
  4085 | D:4      | Killed CalmDownMonkey's ghost
  4085 | D:4      | Reached skill level 8 in Stealth
  4085 | D:4      | Reached XP level 7. HP: 31/32 MP: 6/17
  4428 | D:5      | Entered Level 5 of the Dungeon
  4515 | D:5      | Identified the +3 leather armour of Seatas {+Fly rCorr SInv} (You took it off an orc on level 5 of the Dungeon)
  4747 | D:5      | Noticed Blork the orc
  4763 | D:5      | Killed Blork the orc
  4763 | D:5      | Reached skill level 9 in Stealth
  5501 | D:6      | Learned a level 3 spell: Mephitic Cloud
  5518 | D:6      | Reached XP level 8. HP: 36/36 MP: 19/19
  6151 | D:6      | Reached skill level 10 in Stealth
  6390 | D:6      | Reached * piety under Ashenzari
  6496 | D:7      | Found a blossoming altar of Fedhas.
  7048 | D:7      | Reached XP level 9. HP: 28/39 MP: 19/22
  7540 | D:7      | Gained mutation: You have a pair of small horns on your head. [potion of mutation]
  7540 | D:7      | Gained mutation: You are agile. (Dex +2) [potion of mutation]
  8098 | D:8      | Shot with an arrow by a centaur

Vault maps used:
D:1:      dpeg_arrival_rooms_b, hangedman_decor_clover_reticule
D:2:      minmay_hexomino_p4, uniq_natasha, uniq_jessica
D:3:      first_bread
D:4:      vehumet_altar_wand_db, temple_doors_e, gup_sewer_entry_spiral,
          serial_bayou_lagoon_a
D:5:      uniq_blork_the_orc
D:6:      st_stairs_11
D:7:      basic_altar
D:8:      nicolae_whirlpool, kennysheep_potato
Temple:   nicolae_temple_the_god_donut
Sewer:    sewer_kobolds

Skill      XL: |  1  2  3  4  5  6  7  8  9 |
---------------+----------------------------+-----
Spellcasting   | 3 4 5 6 7 8 |  8.9
Stealth        | 5 6 7 8 9 10 | 10.0
Hexes          | 4 5 6 7 9 |  9.2
Short Blades   | 3 4 |  4.3
Dodging        | |  3.0

Action                   |  1- 3 |  4- 6 |  7- 9 || total
-------------------------+-------+-------+-------++-------
Melee: Dagger            |   106 |   201 |   274 ||   581
       Headbutt          |       |       |     1 ||     1
 Cast: Ensorcelled Hiber |    10 |    41 |    30 ||    81
       Confuse           |       |    15 |    41 ||    56
Invok: Curse Item        |       |     1 |     1 ||     2
  Use: Scroll            |       |     8 |     7 ||    15
       Potion            |       |     1 |     6 ||     7
 Stab: Sleeping          |    12 |    30 |    26 ||    68
       Confused          |       |    12 |    23 ||    35
  Eat: Royal jelly       |       |     2 |     1 ||     3
       Bread ration      |       |       |     1 ||     1
Armor: Robe              |    12 |    22 |    18 ||    52
Dodge: Dodged            |    88 |   157 |   241 ||   486

Table legend:
 A = Spawn XP
 B = Non-spawn XP
 C = Spawn XP percentage of total XP
 D = Spawn monster count
 E = Non-spawn monster count
 F = Spawn count percentage of total count
 G = Total turns spent on level
                    A         B        C        D         E        F      G
               +---------+---------+-------+---------+---------+-------+---------
         Total |       0 |    3228 |   0.0 |       0 |     140 |   0.0 |  8098
               +---------+---------+-------+---------+---------+-------+---------
           D:1 |       0 |      30 |   0.0 |       0 |      13 |   0.0 |   835
           D:2 |       0 |     190 |   0.0 |       0 |      23 |   0.0 |  1057
           D:3 |       0 |      63 |   0.0 |       0 |      19 |   0.0 |   576
           D:4 |       0 |     556 |   0.0 |       0 |      19 |   0.0 |   829
           D:5 |       0 |     405 |   0.0 |       0 |      24 |   0.0 |  1202
           D:6 |       0 |     671 |   0.0 |       0 |      13 |   0.0 |   836
           D:7 |       0 |    1018 |   0.0 |       0 |      13 |   0.0 |  1587
           D:8 |       0 |     183 |   0.0 |       0 |       6 |   0.0 |    45
         Sewer |       0 |     112 |   0.0 |       0 |      10 |   0.0 |   576
               +---------+---------+-------+---------+---------+-------+---------
